 Dungeon Crawl Stone Soup version 0.28.0-49-g6dfe1f597d (webtiles) character file.

Game seed: 8593220780641700514

626 Zeld the Gusty (level 7, -5/42 HPs)
             Began as a Tengu Air Elementalist on May 18, 2022.
             Was an Initiate of Vehumet.
             Slain by a hornet zombie (10 damage)
             ... on level 5 of the Dungeon.
             The game lasted 00:06:32 (7642 turns).

Zeld the Gusty (Tengu Air Elementalist)             Turns: 7642, Time: 00:06:33

Health: -5/42      AC: 10    Str:  8    XL:     7   Next: 47%
Magic:  4/14       EV: 13    Int: 17    God:    Vehumet [......]
Gold:   80         SH:  0    Dex: 15    Spells: 4/14 levels left

rFire   . . .      SeeInvis .   j - +3 dagger of the Endless March {holy, rC+}
rCold   + . .      Faith    .   (no shield)
rNeg    . . .      Spirit   .   a - +4 ring mail
rPois   .          Reflect  .   (helmet restricted)
rElec   .          Harm     .   o - +0 cloak
rCorr   .          Rampage  .   (no gloves)
Will    .....                   (boots unavailable)
Stlth   +.........              g - amulet of magic regeneration
HPRegen 0.14/turn               (no ring)
MPRegen 0.54/turn               (no ring)

@: flying quickly and evasively, very slightly contaminated, quick
A: beak, talons 3, nimble flight
a: Renounce Religion


You were on level 5 of the Dungeon.
You worshipped Vehumet.
Vehumet was noncommittal.
You visited 2 branches of the dungeon, and saw 6 of its levels.

You collected 203 gold pieces.
You spent 123 gold pieces at shops.

Inventory:

Hand Weapons
 j - the +3 dagger of the Endless March (weapon) {holy, rC+}
   (You took it off a kobold on level 4 of the Dungeon)

   It has been blessed by the Shining One to cause great damage to the undead
   and demons.
   rC:        It protects you from cold.
Armour
 a - a +4 ring mail (worn)
 o - a +0 cloak (worn)
Jewellery
 g - an amulet of magic regeneration (around neck)
Wands
 m - a wand of mindburst (16)
Scrolls
 d - 2 scrolls of teleportation {unknown}
 f - a scroll of torment {unknown}
 h - a scroll of fog {unknown}
 i - 4 scrolls of identify
 l - a scroll of immolation {unknown}
 p - a scroll of fear
Potions
 b - 2 potions of degeneration {unknown}
 c - 4 potions of heal wounds {unknown}
 e - 2 potions of invisibility {unknown}
 k - a potion of cancellation {unknown}
 n - a potion of resistance {unknown}


   Skills:
 * Level 3.9 Fighting
 + Level 3.8 Dodging
 - Level 2.0 Stealth
 * Level 4.1 Spellcasting
 - Level 2.0 Conjurations
 * Level 6.7 Air Magic


You had 4 spell levels left.
You knew the following spells:

 Your Spells              Type           Power      Damage    Failure   Level
a - Shock                 Conj/Air       72%        1d7       9%          1
b - Static Discharge      Conj/Air       18%        N/A       12%         2
c - Swiftness             Air            26%        N/A       9%          3
d - Airstrike             Air            13%        N/A       30%         4

Your spell library contained the following spells:

 Spells                   Type           Power      Damage    Failure   Level
 Magic Dart               Conj           40%        1d5       22%         1
 Searing Ray              Conj           20%        2d5       32%         2
 Gell's Gravitas          Tloc           3%         N/A       82%         3
 Teleport Other           Tloc           3%         N/A       82%         3
 Fulminant Prism          Conj/Hex       3%         3d6       97%         4
 Dispersal                Tloc           1%         N/A       100%        6


Dungeon Overview and Level Annotations

Branches:
Dungeon (5/15)             Temple (1/1) D:5

Altars:
Ashenzari
Cheibriados
Elyvilon
Fedhas
Gozag
Hepliaklqana
Kikubaaqudgha
Makhleb
Nemelex Xobeh
Okawaru
Qazlal
Ru
Sif Muna
Trog
Uskayaw
Vehumet
Wu Jian
Xom
Yredelemnul
Zin
The Shining One

Shops:
D:4 ??


Innate Abilities, Weirdness & Mutations

You have a beak for a mouth.
You have claws for feet.
Your magical nature lets you fly swiftly and evasively.


Message History

Magic restored.
You start resting.
Your magical contamination has completely faded away.
You start resting.
HP restored.
You start waiting.
Done waiting.
You fly downwards.
The hornet zombie closely misses you. The hornet zombie misses you.
There is a stone staircase leading up, spattered with blood here.
Casting: Airstrike (quite dangerous; 30% risk of failure)
Confirm with . or Enter, or press ? or * to list all spells.
The spell is quite dangerous to miscast (30% risk of failure)!
Continue anyway?
Aiming: Airstrike (quite dangerous; 30% risk of failure)
Press: ? - help, Dir - move target, f - hornet zombie
Aim: a hornet zombie (severely damaged, empty space bonus: 6/8)
You miscast Airstrike.
You are very lightly contaminated with residual magic.
You are blasted with air!
The hornet zombie hits you but does no damage. x2
Casting: Airstrike (quite dangerous; 30% risk of failure)
Confirm with . or Enter, or press ? or * to list all spells.
The spell is quite dangerous to miscast (30% risk of failure)!
Continue anyway?
Aiming: Airstrike (quite dangerous; 30% risk of failure)
Press: ? - help, Dir - move target, f/p - hornet zombie
Aim: a hornet zombie (severely damaged, empty space bonus: 6/8)
You miscast Airstrike.
The wind whips around you! The hornet zombie hits you.
Unknown command.
Casting: Airstrike (quite dangerous; 30% risk of failure)
Confirm with . or Enter, or press ? or * to list all spells.
The spell is quite dangerous to miscast (30% risk of failure)!
Continue anyway?
Aiming: Airstrike (quite dangerous; 30% risk of failure)
Press: ? - help, Dir - move target, f/p - hornet zombie
Aim: a hornet zombie (severely damaged, empty space bonus: 6/8)
You miscast Airstrike.
Sparks of electricity dance around you!
* * * LOW HITPOINT WARNING * * *
The hornet zombie misses you.
Unknown command.
The hornet zombie hits you!
You die...

#......≈≈≈##.....#
#....##≈≈###8...8#
########..####### #######
#..>......################
#...........#....#........
#.........#.##..........##
#.........#..[.....####...
#........))...)...## ###.
#........@)..[....#######Z
#........Z................
#.........##.#...########.
#.........##.##..# #...
#.........##.##.######..##
############.#.....##..#
#..#.......###
##.#...###...##
#.............


You could see a hornet zombie.

Vanquished Creatures
  2 black bears
  A necrophage (D:4)
  A water moccasin skeleton (D:4)
  An orc priest (D:4)
  Ijyb (D:4)
  2 orc wizards
  An iguana (D:4)
  A hound skeleton (D:4)
  3 gnolls
  4 adders
  An ufetubus (D:5)
  An adder skeleton (D:4)
  A worm (D:2)
  2 dart slugs
  6 orcs
  7 ball pythons
  5 endoplasms
  2 giant cockroaches
  15 goblins
  3 hobgoblins
  9 jackals
  7 kobolds
  2 quokkas
  7 bats
  5 frilled lizards
  5 rats
95 creatures vanquished.

Notes
Turn   | Place    | Note
-------+----------+-------------------------------------------
     0 | D:1      | Zeld the Tengu Air Elementalist began the quest for the
                  | Orb.
     0 | D:1      | Reached XP level 1. HP: 10/10 MP: 4/4
   462 | D:1      | Reached XP level 2. HP: 16/16 MP: 4/6
   846 | D:1      | Reached skill level 1 in Fighting
  1180 | D:2      | Reached XP level 3. HP: 20/20 MP: 1/7
  1183 | D:2      | Learned a level 2 spell: Static Discharge
  1188 | D:2      | Learned a level 3 spell: Swiftness
  2020 | D:2      | Found a faded altar of an unknown god.
  2134 | D:3      | Reached XP level 4. HP: 9/25 MP: 5/8
  2637 | D:3      | Noticed a black bear
  3848 | D:3      | Killed a black bear
  3849 | D:3      | Reached skill level 5 in Air Magic
  3849 | D:3      | Gained mutation: Your magical nature lets you fly swiftly
                  | and evasively. [Tengu growth]
  3849 | D:3      | Reached XP level 5. HP: 18/31 MP: 2/10
  3854 | D:3      | Learned a level 4 spell: Airstrike
  4276 | D:3      | Found a blossoming altar of Fedhas.
  4528 | D:4      | Found Peyhooh Pats's Magic Scroll Emporium.
  4749 | D:4      | Identified the +3 dagger of the Endless March {holy, rC+}
  4753 | D:4      | Bought a scroll of identify for 26 gold pieces
  4753 | D:4      | Bought a scroll of identify for 26 gold pieces
  4753 | D:4      | Bought a scroll of identify for 26 gold pieces
  4753 | D:4      | Found Dytio's Magic Scroll Boutique.
  4770 | D:4      | Reached XP level 6. HP: 32/36 MP: 10/12
  5007 | D:4      | Found Amnok's Magic Scroll Shoppe.
  5312 | D:4      | Noticed Ijyb
  5347 | D:4      | Killed Ijyb
  5496 | D:4      | Noticed a black bear
  5568 | D:4      | Killed a black bear
  5569 | D:4      | Reached skill level 6 in Air Magic
  5682 | D:4      | Noticed a necrophage
  5690 | D:4      | Killed a necrophage
  5691 | D:4      | Reached XP level 7. HP: 33/41 MP: 2/13
  6264 | D:4      | Bought a scroll of fear for 45 gold pieces
  6323 | D:5      | Entered Level 5 of the Dungeon
  6550 | D:5      | Found a staircase to the Ecumenical Temple.
  6615 | Temple   | Entered the Ecumenical Temple
  6674 | Temple   | Became a worshipper of Vehumet
  7642 | D:5      | Slain by a hornet zombie

Illustrated notes

Levels and vault maps discovered:
D:1:      kennysheep_arrival_forest, layout_basic, chequers_serial_rivers_marsh
D:2:      layout_basic, shapermc_ecumenical_altar_hornbeckon
D:3:      layout_rooms, serial_co_window_serial, co_window_corner_a,
          co_window_of_opportunity_a, co_window_corner_a,
          co_window_of_opportunity_a, co_window_paths_a, co_window_paths_b,
          co_window_paths_b, co_window_broadway_c, co_window_cross_2,
          co_window_cross_3, co_window_corner_cb, co_window_broadway_b,
          co_window_cross_2, co_window_paths_d, glass_columns_b,
          kennysheep_flooded_box
D:4:      kennysheep_goblin_castle, layout_basic, serial_shops, shop,
          nicolae_take_the_stairs, nicolae_stop_n_shop_2
D:5:      layout_rooms, minmay_temple_entry_fiery, minivault_1, uniq_sigmund,
          uniq_crazy_yiuf_cottage
Temple:   minmay_crystal_snake_temple

Skill      XL: |  1  2  3  4  5  6  7 |
---------------+----------------------+-----
Fighting       | 1 2 3 |  3.9
Conjurations   | 2 |  2.0
Dodging        | 3 |  3.8
Spellcasting   | 3 4 |  4.1
Air Magic      | 5 6 |  6.7
Stealth        | |  2.0

Action                   |  1- 3 |  4- 6 |  7- 9 || total
-------------------------+-------+-------+-------++-------
Melee: Unarmed           |    11 |    12 |       ||    23
       Kick              |     3 |    13 |     1 ||    17
       Peck              |     1 |     6 |     6 ||    13
       Dagger            |       |    38 |    18 ||    56
 Cast: Shock             |    65 |    11 |       ||    76
       Static Discharge  |     9 |    28 |    13 ||    50
       Swiftness         |       |     2 |       ||     2
       Airstrike         |       |     9 |     6 ||    15
 Stab: Sleeping          |       |     3 |       ||     3
Armor: Robe              |     2 |    13 |     2 ||    17
       Ring mail         |       |       |    13 ||    13
Dodge: Dodged            |    16 |    77 |    33 ||   126
